 Dungeon Crawl Stone Soup version 0.25-a0-110-ge29c8f2358 (console) character file.

Game seed: 7049696441984988359, levelgen mode: classic

301231 toffzen the Imperceptible (level 20, 109/109 HPs)
             Began as a Spriggan Enchanter on July 19, 2019.
             Was an Initiate of Gozag.
             Quit the game on level 2 of the Vaults on Nov 19, 2019.
             The game lasted 04:29:36 (82774 turns).

toffzen the Imperceptible (Spriggan Enchanter)     Turns: 82774, Time: 04:29:36

Health: 109/109    AC:  7    Str:  8    XL:     20   Next: 19%
Magic:  39/43      EV: 35    Int: 25    God:    Gozag
Gold:   14745      SH:  9    Dex: 20    Spells: 19/55 levels left

rFire    + + .     SeeInvis +   b - +4 dagger (venom)
rCold    x . .     Gourm    .   f - +1 buckler {rN+}
rNeg     + + .     Faith    .   z - +2 robe {MR+}
rPois    .         Spirit   .   (helmet restricted)
rElec    .         Reflect  .   v - +2 cloak {MR+}
rCorr    .         Harm     .   (gloves unavailable)
MR       +++++                  (boots unavailable)
Stlth    +++++++++.             U - amulet of the acrobat
HPRegen  0.28/turn              D - ring of protection from fire
MPRegen  0.28/turn              G - ring "Votung" {Fire rN+ MR+ Str+4 Int+3}

@: gold aura, very quick
A: very small, unfitting armour, see invisible, herbivore, speed 3, slow
metabolism 2
}: 2/15 runes: decaying, serpentine
a: Potion Petition, Call Merchant, Bribe Branch, Renounce Religion


You were on level 2 of the Vaults.
You worshipped Gozag.
Gozag was extremely pleased with you.
You were not hungry.

You visited 7 branches of the dungeon, and saw 35 of its levels.

You collected 16862 gold pieces.
You spent 2066 gold pieces at shops.
You paid 51 gold pieces to Gozag.

Inventory:

Hand Weapons
 a - the +0 dagger "Spriggan's Bane" {elec, Dex+2}
   (You found it on level 4 of the Dungeon)

   Occasionally, upon striking a foe, it will discharge some electrical energy
   and cause terrible harm.
   It affects your dexterity (+2).
 b - a +4 dagger of venom (weapon)
Missiles
 g - 193 poisoned darts (quivered)
 i - 1104 stones
 y - 5 throwing nets
 F - 5 curare-tipped darts
 N - 9 atropa-tipped darts
Armour
 f - a +1 buckler of positive energy (worn)
 u - +1 swamp dragon scales
 v - a +2 cloak of magic resistance (worn)
 z - a +2 robe of magic resistance (worn)
Jewellery
 p - an uncursed ring of poison resistance
 s - an uncursed ring of wizardry
 w - the ring "Gojate" {*Slow rElec rN+ Dex+2 SInv}
   (You took it off an orc on level 4 of the Dungeon)

   [ring of positive energy]

   It affects your dexterity (+2).
   It insulates you from electricity.
   It protects you from negative energy.
   It lets you see invisible.
   It may slow you when you take damage.
 D - a ring of protection from fire (left hand)
 G - the ring "Votung" (right hand) {Fire rN+ MR+ Str+4 Int+3}
   (You found it on level 1 of the Lair of Beasts)

   [ring of fire]

   It enhances your fire magic.
   It affects your strength (+4).
   It affects your intelligence (+3).
   It protects you from fire.
   It makes you vulnerable to cold.
   It protects you from negative energy.
   It affects your resistance to hostile enchantments.
 T - an uncursed ring of protection from magic
 U - an amulet of the acrobat (around neck)
Wands
 q - a wand of acid (8)
 L - a wand of iceblast (45)
 O - a wand of scattershot (5)
 Q - a wand of flame (56)
 W - a wand of clouds (10)
 X - a wand of disintegration (40)
 Y - a wand of digging (14)
Scrolls
 c - 3 scrolls of fear
 e - 19 scrolls of remove curse
 n - 5 scrolls of magic mapping
 t - 8 scrolls of amnesia
 x - 2 scrolls of fog
 A - 3 scrolls of immolation
 B - 7 scrolls of enchant weapon
 C - 8 scrolls of enchant armour
 E - 2 scrolls of acquirement
 H - 6 scrolls of teleportation
 J - 2 scrolls of holy word
 P - a scroll of brand weapon
 R - a scroll of summoning
Potions
 h - a potion of ambrosia {unknown}
 j - 7 potions of heal wounds
 k - 14 potions of lignification
 l - 15 potions of curing
 m - 4 potions of mutation
 o - 6 potions of might
 r - 2 potions of resistance
 I - a potion of magic
 K - 3 potions of brilliance
 M - 3 potions of cancellation
 S - 5 potions of agility
 V - 6 potions of flight
 Z - 2 potions of invisibility
Comestibles
 d - 30 rations


   Skills:
 - Level 13.0 Fighting
 - Level 10.0 Short Blades
 - Level 19.0 Dodging
 - Level 24.0 Stealth
 - Level 7.2 Shields
 + Level 18.4 Spellcasting
 - Level 2.4 Conjurations
 - Level 15.0 Hexes
 - Level 4.0 Charms
 - Level 6.8 Summonings
 - Level 4.0 Translocations
 - Level 5.1 Air Magic


You had 19 spell levels left.
You knew the following spells:

 Your Spells              Type           Power        Failure   Level  Hunger
a - Corona                Hex            #######      0%          1    None
b - Ensorcelled Hibernat  Hex/Ice        ######       1%          2    None
c - Confuse               Hex            #######.     0%          3    None
d - Dazzling Spray        Conj/Hex       ######       1%          3    None
e - Tukima's Dance        Hex            #######.     0%          3    None
f - Summon Lightning Spi  Summ/Air       ######..     1%          4    None
g - Confusing Touch       Hex            ######       0%          1    None
h - Apportation           Tloc           #####.       1%          1    None
i - Blink                 Tloc           N/A          1%          2    None
j - Shroud of Golubria    Chrm/Tloc      #####.       1%          2    None
k - Summon Ice Beast      Ice/Summ       #####...     4%          4    None
l - Fulminant Prism       Conj/Hex       ######....   1%          4    None
m - Invisibility          Hex            #######.     1%          6    ###....

Your spell library contained the following spells:

 Spells                   Type           Power        Failure   Level  Hunger
 Slow                     Hex            #######.     0%          2    None
 Animate Skeleton         Necr           N/A          1%          1    None
 Freeze                   Ice            ###.         1%          1    None
 Infusion                 Chrm           ####         1%          1    None
 Magic Dart               Conj           ####         1%          1    None
 Sandblast                Erth           ###...       1%          1    None
 Summon Small Mammal      Summ           ####         1%          1    None
 Call Imp                 Summ           ######..     1%          2    None
 Searing Ray              Conj           #####.       1%          2    None
 Song of Slaying          Chrm           #####...     1%          2    None
 Swiftness                Chrm/Air       #####...     1%          2    None
 Throw Frost              Conj/Ice       ####..       1%          2    None
 Call Canine Familiar     Summ           ######..     1%          3    None
 Gell's Gravitas          Tloc           #####.....   1%          3    None
 Spectral Weapon          Hex/Chrm       ######..     1%          3    None
 Summon Guardian Golem    Hex/Summ       ######..     1%          3    None
 Leda's Liquefaction      Hex/Erth       ######....   1%          4    None
 Silence                  Hex/Air        ######....   1%          5    None
 Darkness                 Hex            #######...   1%          6    ###....
 Mephitic Cloud           Conj/Pois/Air  #####...     2%          3    None
 Ozocubu's Armour         Chrm/Ice       ####....     2%          3    None
 Regeneration             Chrm/Necr      ####......   2%          3    None
 Metabolic Englaciation   Hex/Ice        ######....   2%          5    None
 Yara's Violent Unravell  Hex/Tmut       ######....   2%          5    None
 Passwall                 Tmut/Erth      ###.....     3%          2    None
 Conjure Flame            Conj/Fire      #####...     3%          3    None
 Stone Arrow              Conj/Erth      ####..       3%          3    None
 Passage of Golubria      Tloc           N/A          4%          4    None
 Force Lance              Conj/Tloc      #####...     5%          4    None
 Ignite Poison            Fire/Tmut/Pois ####....     6%          3    None
 Iskenderun's Mystic Bla  Conj           #####...     8%          4    None
 Sticky Flame             Conj/Fire      #####...     12%         4    None
 Throw Icicle             Conj/Ice       ####....     12%         4    None
 Petrify                  Tmut/Erth      ###.....     21%         4    None
 Bolt of Magma            Conj/Fire/Erth #####.....   38%         5    None
 Deflect Missiles         Chrm/Air       #####.....   43%         6    ###....
 Lee's Rapid Deconstruct  Erth           ###.......   50%         5    None
 Conjure Ball Lightning   Conj/Air       #####.....   56%         6    ###....
 Iron Shot                Conj/Erth      ####......   88%         6    ###....
 Statue Form              Tmut/Erth      ###......    97%         6    ###....
 Shatter                  Erth           ###.......   100%        9    #######
 Tornado                  Air            #####.....   100%        9    #######


Dungeon Overview and Level Annotations

Branches:
Dungeon (15/15)            Temple (0/1) D:5            Lair (6/6) D:10
  Swamp (4/4) Lair:2        Snake (4/4) Lair:4        Slime (0/5) Lair:6
    Orc (2/2) D:12            Elf (2/3) Orc:2        Vaults (2/5) D:13
  Crypt (0/3) Vaults:2     Depths (0/5) D:15

Altars:
Ashenzari
Dithmenos
Gozag
Hepliaklqana
Makhleb
Nemelex Xobeh
Okawaru
Qazlal
Ru
Trog
Vehumet
Wu Jian
Xom
Yredelemnul
Zin
The Shining One
Beogh
Jiyva

Shops:
D:4 ?   D:7 [   D:13 *   Orc:2 *=[[   Elf:1 *   Vaults:1 [   Vaults:2 *([*

Annotations:
D:8 exclusion: downstairs
D:14 exclusion: Roxanne, Roxanne
Swamp:1 exclusion: 2 downstairs
Snake:1 Aizul
Elf:1 3 runed translucent doors, exclusion: obsidian statue, feelmyfire's ghost, adept HuCK
Vaults:2 Margery


Innate Abilities, Weirdness & Mutations

You are very small and have problems with some larger weapons.
You are too small for most types of armour.
You have supernaturally acute eyesight. (SInv)
You are a herbivore.
You cover ground extremely quickly.
You need to consume almost no food.


Message History

Welcome back, toffzen the Spriggan Enchanter.
Gozag says: Greed is good.
Press ? for a list of commands and other information.
Save game and exit?
Level annotation: Margery Welcome back, toffzen the Spriggan Enchanter.
Gozag says: Greed is good.
Press ? for a list of commands and other information.
Save game and exit?
Level annotation: Margery Welcome back, toffzen the Spriggan Enchanter.
Gozag says: Greed is good.
Press ? for a list of commands and other information.
Quiver which item? (- for none, * to show all) (? for menu, Esc to quit)
Okay, then.
Unknown command.
Unknown command.
Are you sure you want to abandon this character and quit the game? (Confirm with "yes".)
Okay, then.
Are you sure you want to abandon this character and quit the game? (Confirm with "yes".)

.##..# #....)....#.#..# # #..###
#..[)...))(....# # #..#
####[########### # .### ##...## #
.# ##.....## #
'#########.[[....## #
.##.##.##....#.(..###############
.......#.[).###....#...........##
8..8...#.<)## ##@..'....(......##
.......'....###[...#).###.###..##
.##.##.##...@#....##..#.....#>.##
##########.[.[...###..#.#.#.#..##
##@.)[.## #.....#.....## ##...##
#.[#[#.#.#..## ##########'##
#..#.....#..## #####.......W...#
#..###.###..# ...##...........#
#..(........#


You could see Margery (wandering).

Vanquished Creatures
  the Lernaean hydra (Swamp:4)
  Bai Suzhen (Swamp:3)
  A tentacled monstrosity (Swamp:2)
  2 sphinxes (Vaults:2)
  Frances (Elf:1)
  3 thorn hunters
  Agnes (Elf:2)
  6 nagarajas
  4 vault wardens
  A fire giant (Vaults:1)
  An orc warlord (Orc:2)
  A deep elf elementalist (Elf:1)
  3 stone giants (Vaults:2)
  3 ironheart preservers
  A deep elf demonologist (Vaults:2)
  The ghost of Goblin1989 the Cleaver, a journeyman DDFi of Makhleb (Lair:1)
  Azrael (Elf:1)
  A crystal guardian (Vaults:2)
  2 fire dragons
  A rakshasa (Vaults:2)
  2 yaktaur captains
  4 ghost crabs
  3 shambling mangroves
  7 vault guards
  An ice dragon (Vaults:2)
  22 hydras
  Harold (D:8)
  13 naga warriors
  11 anacondas
  5 centaur warriors
  5 ogre magi
  A catoblepas (Lair:5)
  4 death knights
  2 deep troll shamans
  17 two-headed ogres
  3 death yaks
  7 naga sharpshooters
  10 shock serpents
  14 alligators
  3 orc high priests (Orc:2)
  A tengu warrior (D:14)
  6 deep elf knights
  3 hell knights
  Nergalle (Lair:4)
  A salamander mystic (Snake:3)
  11 sea snakes (Snake:3)
  An unseen horror (shapeshifter) (Vaults:1)
  8 deep trolls
  4 unseen horrors
  4 wizards
  2 spriggan druids (Swamp:4)
  11 naga ritualists
  A wolf spider zombie (D:14)
  9 deep elf archers
  12 swamp dragons
  A harpy (shapeshifter) (D:15)
  A necromancer (D:15)
  9 ironbrand convokers
  7 orc knights
  A phantasmal warrior (Vaults:2)
  2 wolf spiders (Vaults:2)
  6 mana vipers
  8 cyclopes
  9 orc sorcerers
  11 salamanders
  37 deep elf magi
  6 elephants
  26 ugly things
  Maurice (D:12)
  9 vault sentinels
  27 black mambas
  4 orange demons
  20 naga magi
  5 guardian serpents
  2 gargoyles (D:15)
  2 torpor snails
  33 spiny frogs
  2 freezing wraiths (Vaults:2)
  2 kobold demonologists (D:13)
  9 rime drakes
  17 yaktaurs
  7 komodo dragons
  4 red devils (D:13)
  A tengu conjurer (Elf:1)
  7 trolls
  16 tyrant leeches
  2 polar bears
  13 hornets
  Grinder (D:5)
  12 bog bodies
  A harpy skeleton (D:14)
  11 hippogriffs
  16 slime creatures
  32 blink frogs
  6 dream sheep
  2 shadows
  3 centaur simulacra (D:15)
  6 wraiths
  7 spriggans
  3 water elementals
  4 wyverns
  A vampire (D:9)
  2 basilisks
  35 yaks
  A fire elemental (Elf:2)
  A yaktaur simulacrum (Vaults:2)
  2 hungry ghosts
  Grum (D:8)
  29 vampire mosquitoes
  11 swamp worms
  2 soldier ants
  16 insubstantial wisps
  36 nagas
  3 hell hounds
  A human simulacrum (Vaults:1)
  Menkaure (D:5)
  10 wargs
  An acid dragon (D:14)
  15 water moccasins
  Duvessa (D:4)
  6 porcupines
  38 orc warriors
  A black bear (shapeshifter) (Vaults:1)
  6 phantoms
  4 ice beasts
  8 sky beasts
  15 swamp drakes
  2 black bears
  2 eyes of draining
  5 necrophages (Lair:4)
  19 ogres
  3 wolves (D:8)
  16 centaurs
  6 boggarts
  9 crocodiles
  An elf zombie (D:11)
  3 big kobolds
  26 bullfrogs
  A bullfrog (shapeshifter) (Vaults:2)
  3 earth elementals
  A spiny frog simulacrum (Lair:1)
  A wyvern skeleton (D:13)
  Dowan (D:4)
  4 scorpions
  6 killer bees
  15 wights
  3 howler monkeys
  3 electric eels
  A howler monkey (shapeshifter) (D:13)
  9 crimson imps
  5 centaur zombies
  A quasit (D:14)
  A hippogriff simulacrum (Lair:1)
  A gnoll shaman (D:6)
  4 human zombies (D:11)
  A jelly (D:12)
  Crazy Yiuf (D:4)
  8 hounds
  A water moccasin simulacrum (Lair:1)
  7 centaur skeletons
  20 orc priests
  Natasha (thrice) (D:4)
  3 iguanas
  2 human skeletons (D:11)
  12 orc wizards
  19 hell rats
  14 worker ants
  A bullfrog simulacrum (Lair:1)
  2 ogre skeletons (D:11)
  A hound zombie (D:9)
  A porcupine simulacrum (Lair:1)
  A hound skeleton (D:6)
  2 worker ant zombies (D:8)
  Robin (D:3)
  11 gnolls
  13 adders
  11 river rats (Lair:2)
  2 shadow imps
  An ooze (D:5)
  An adder skeleton (D:8)
  6 worms
  A dart slug (D:1)
  2 leopard geckos
  87 orcs
  4 giant cockroaches
  13 goblins
  8 hobgoblins
  15 jackals
  9 quokkas
  12 bats
  2 frilled lizards
  A jackal skeleton (D:4)
  20 kobolds
  A leopard gecko zombie (D:6)
  2 orc skeletons (D:11)
  19 rats
  A briar patch (Swamp:3)
  2 bushes (Lair:5)
  3 plants (Lair:5)
1403 creatures vanquished.

Vanquished Creatures (collateral kills)
  2 nagarajas
  A deep elf annihilator (Elf:1)
  2 deep elf death magi
  A hydra (Swamp:4)
  A naga warrior (Snake:3)
  An anaconda (Snake:3)
  A death knight (Vaults:2)
  A two-headed ogre (Vaults:1)
  3 naga sharpshooters (Snake:4)
  2 hell knights (Vaults:2)
  A deep elf knight (Elf:1)
  2 skeletal warriors
  2 sea snakes (Snake:3)
  3 deep elf archers
  A naga ritualist (Snake:4)
  A swamp dragon (Swamp:2)
  2 orc knights
  3 deep elf magi
  2 mana vipers
  3 salamanders (Snake:3)
  5 ugly things
  A guardian serpent (Snake:3)
  3 black mambas (Snake:2)
  2 naga magi
  A tengu conjurer (D:14)
  5 hornets
  A fire elemental (Orc:2)
  3 vampire mosquitoes
  7 nagas
  A water moccasin (D:13)
  An insubstantial wisp (Swamp:2)
  7 orc warriors
  A swamp drake (Swamp:4)
  2 ogres (Vaults:1)
  2 centaurs (D:14)
  A big kobold (D:13)
  A crimson imp (D:13)
  5 orc priests
  4 orc wizards
  14 orcs
  4 briar patches (Swamp:1)
106 creatures vanquished.

Vanquished Creatures (others)
  2 deep elf knights
  2 deep elf archers
  28 dancing weapons
  A water elemental (Elf:1)
  A spriggan (Swamp:4)
  An electric eel (Snake:3)
  An orc priest (Orc:2)
  An orc (Orc:1)
  2 goblins (D:2)
  A rat (D:2)
  2 briar patches (Swamp:1)
  27 fulminant prisms
  12 fungi
  42 plants
  5 toadstools (Swamp:3)
128 creatures vanquished.

Grand Total: 1637 creatures vanquished

Notes
Turn   | Place    | Note
-------+----------+-------------------------------------------
     0 | D:1      | toffzen the Spriggan Enchanter began the quest for the Orb.
     0 | D:1      | Reached XP level 1. HP: 9/9 MP: 5/5
   172 | D:1      | Reached XP level 2. HP: 6/13 MP: 6/6
   236 | D:1      | Learned a level 2 spell: Ensorcelled Hibernation
   955 | D:1      | You fall into a shaft and drop 1 floor!
   955 | D:2      | Found a faded altar of an unknown god.
  1698 | D:2      | Reached XP level 3. HP: 16/16 MP: 8/8
  1703 | D:2      | Learned a level 3 spell: Confuse
  1703 | D:2      | Found a radiant altar of Vehumet.
  1728 | D:2      | Reached skill level 5 in Stealth
  2649 | D:2      | Reached skill level 5 in Hexes
  2649 | D:2      | Reached XP level 4. HP: 21/21 MP: 10/10
  4632 | D:3      | Reached XP level 5. HP: 24/24 MP: 8/11
  4669 | D:3      | Found an ornate altar of the Wu Jian Council.
  4672 | D:3      | Noticed Robin
  5413 | D:3      | Killed Robin
  5685 | D:4      | Noticed Dowan
  5711 | D:4      | Noticed an ogre
  5720 | D:4      | Reached skill level 6 in Stealth
  5770 | D:4      | Killed an ogre
  5770 | D:4      | Reached skill level 1 in Fighting
  5770 | D:4      | Reached XP level 6. HP: 30/30 MP: 8/13
  5848 | D:4      | Got an iridescent dagger
  5863 | D:4      | Identified the cursed +0 dagger "Spriggan's Bane" {elec,
                  | Dex+2} (You found it on level 4 of the Dungeon)
  5877 | D:4      | Found a runed translucent door.
  5878 | D:4      | Noticed Crazy Yiuf
  5885 | D:4      | Killed Crazy Yiuf
  6251 | D:4      | Found a glowing golden altar of the Shining One.
  6437 | D:4      | Found Obruniox's Magic Scroll Shoppe.
  6445 | D:4      | Bought a scroll of identify for 26 gold pieces
  6478 | D:4      | Identified the ring "Gojate" {*Slow rElec rN+ Dex+2 SInv}
  6512 | D:3      | Reached skill level 7 in Stealth
  6608 | D:4      | Reached skill level 5 in Spellcasting
  6608 | D:4      | Reached XP level 7. HP: 35/35 MP: 15/15
  6696 | D:4      | Noticed Natasha
  6700 | D:4      | Killed Natasha
  6743 | D:4      | Noticed Duvessa
  6973 | D:4      | Noticed Natasha
  6980 | D:4      | Killed Natasha
  7164 | D:4      | Found an iron altar of Okawaru.
  7329 | D:4      | Killed Duvessa
  7484 | D:4      | Killed Dowan
  7649 | D:4      | Noticed Natasha
  7687 | D:4      | Killed Natasha
  7687 | D:4      | Reached skill level 8 in Stealth
  7881 | D:5      | Entered Level 5 of the Dungeon
  7884 | D:5      | Noticed Grinder
  7904 | D:5      | Killed Grinder
  7904 | D:5      | Reached XP level 8. HP: 40/40 MP: 12/18
  8241 | D:5      | Reached skill level 9 in Stealth
  8320 | D:5      | Found an opulent altar of Gozag.
  8333 | D:5      | Became a worshipper of Gozag Ym Sagoz the Greedy
  8373 | D:5      | Found a stormy altar of Qazlal.
  8435 | D:5      | Found a staircase to the Ecumenical Temple.
  8533 | D:5      | Noticed Menkaure
  8536 | D:5      | Killed Menkaure
  8892 | D:6      | Reached skill level 10 in Stealth
  8895 | D:6      | Reached XP level 9. HP: 45/45 MP: 11/21
  9262 | D:6      | Found a hazy altar of Hepliaklqana.
  9459 | D:6      | Found a bloodstained altar of Trog.
  9459 | D:6      | Found a sparkling altar of Nemelex Xobeh.
  9592 | D:6      | Learned a level 3 spell: Dazzling Spray
  9596 | D:6      | Learned a level 3 spell: Tukima's Dance
 10416 | D:7      | Found Nol Zuli's Antique Armour Boutique.
 10700 | D:7      | Reached skill level 11 in Stealth
 10838 | D:8      | Reached skill level 5 in Fighting
 11153 | D:8      | Noticed Harold
 11178 | D:8      | Killed Harold
 11178 | D:8      | Reached skill level 10 in Hexes
 11178 | D:8      | Reached XP level 10. HP: 33/51 MP: 1/24
 11447 | D:8      | Paralysed by a hornet for 1 turns
 11658 | D:8      | Reached skill level 12 in Stealth
 11727 | D:8      | Paralysed by a hornet for 2 turns
 12181 | D:8      | Noticed Grum
 12195 | D:8      | Killed Grum
 12392 | D:8      | Found a burning altar of Makhleb.
 12563 | D:8      | Upgraded the game from 0.24-a0-509-ga1643a6788 to
                  | 0.24-a0-513-g284f782df5
 12987 | D:8      | Upgraded the game from 0.24-a0-513-g284f782df5 to
                  | 0.24-a0-517-gd52e2fb918
 13164 | D:9      | Reached skill level 10 in Spellcasting
 13621 | D:8      | Reached skill level 5 in Short Blades
 13936 | D:9      | Reached XP level 11. HP: 55/56 MP: 18/26
 13949 | D:9      | Reached skill level 5 in Dodging
 14199 | D:9      | Found a shadowy altar of Dithmenos.
 14201 | D:9      | Found a shimmering altar of Xom.
 14201 | D:9      | Found an iron altar of Okawaru.
 14201 | D:9      | Found a sacrificial altar of Ru.
 14211 | D:9      | Found a shattered altar of Ashenzari.
 14212 | D:9      | Found a basalt altar of Yredelemnul.
 14327 | D:10     | Entered Level 10 of the Dungeon
 14353 | D:10     | Noticed an unseen horror
 14358 | D:10     | Killed an unseen horror
 14363 | D:10     | Found a staircase to the Lair.
 14378 | D:10     | Found a glowing silver altar of Zin.
 15141 | D:10     | Upgraded the game from 0.24-a0-517-gd52e2fb918 to
                  | 0.24-a0-520-g8fd06ad0bc
 15290 | D:10     | Noticed a two-headed ogre
 15295 | D:10     | Killed a two-headed ogre
 15953 | Lair:1   | Entered Level 1 of the Lair of Beasts
 16383 | Lair:1   | Noticed Goblin1989's ghost (journeyman DDFi)
 16500 | Lair:1   | Reached skill level 10 in Short Blades
 16705 | Lair:1   | Reached skill level 13 in Stealth
 16992 | Lair:1   | Found a runed translucent gate.
 16993 | Lair:1   | Found a runed translucent gate.
 16994 | Lair:1   | Found a runed translucent gate.
 17400 | Lair:1   | Reached XP level 12. HP: 50/61 MP: 14/27
 17507 | Lair:1   | Killed Goblin1989's ghost
 17644 | Lair:1   | Reached skill level 14 in Stealth
 17664 | Lair:1   | Reached skill level 10 in Dodging
 17706 | Lair:1   | Got the ring "Votung" {Fire}
 17711 | Lair:1   | Identified the ring "Votung" {Fire rN+ MR+ Str+4 Int+3}
                  | (You found it on level 1 of the Lair of Beasts)
 18177 | Lair:2   | Found a staircase to the Swamp.
 19228 | Lair:3   | Found a runed translucent door.
 19237 | Lair:3   | Noticed a seven-headed hydra
 19356 | Lair:3   | Noticed a seven-headed hydra
 19368 | Lair:3   | Killed a seven-headed hydra
 19612 | Lair:3   | Reached skill level 15 in Stealth
 20062 | Lair:3   | Killed a seven-headed hydra
 20918 | Lair:4   | Noticed Nergalle
 20925 | Lair:4   | Killed Nergalle
 21472 | Lair:4   | Found a staircase to the Snake Pit.
 21823 | Lair:4   | Noticed a four-headed hydra
 21830 | Lair:4   | Killed a four-headed hydra
 21830 | Lair:4   | Reached skill level 15 in Dodging
 21906 | Lair:4   | Reached XP level 13. HP: 65/65 MP: 18/28
 23655 | Lair:5   | Reached skill level 16 in Stealth
 23682 | Lair:6   | Entered Level 6 of the Lair of Beasts
 23751 | Lair:6   | Found a gate leading to a gauntlet.
 24905 | Lair:6   | Reached skill level 17 in Stealth
 25869 | Lair:6   | Reached skill level 18 in Stealth
 26251 | Lair:6   | Reached XP level 14. HP: 72/75 MP: 21/29
 26657 | Lair:6   | Found a staircase to the Slime Pits.
 26657 | Lair:6   | Found a viscous altar of Jiyva.
 27044 | Lair:6   | Learned a level 4 spell: Summon Lightning Spire
 27688 | D:11     | Reached skill level 1 in Summonings
 27688 | D:11     | Reached skill level 1 in Air Magic
 28078 | D:11     | Reached skill level 10 in Fighting
 28379 | D:11     | Found a basalt altar of Yredelemnul.
 28928 | D:12     | Noticed Maurice
 28951 | D:12     | Killed Maurice
 29459 | D:12     | Found a staircase to the Orcish Mines.
 29990 | D:13     | Found Rioric's Assorted Antiques.
 30227 | Orc:1    | Entered Level 1 of the Orcish Mines
 30469 | Orc:2    | Entered Level 2 of the Orcish Mines
 31012 | Orc:2    | Noticed an orc warlord
 31714 | Orc:2    | Killed an orc warlord
 31714 | Orc:2    | Reached skill level 5 in Air Magic
 31909 | Orc:2    | Found a staircase to the Elven Halls.
 32647 | Orc:2    | Reached skill level 19 in Stealth
 32825 | Orc:2    | Reached skill level 5 in Summonings
 33846 | Orc:2    | Found Eluug's Armour Shop.
 33846 | Orc:2    | Found Hiqitifi's Armour Emporium.
 33851 | Orc:2    | Found Pethool's Jewellery Shop.
 33851 | Orc:2    | Found Vaettykk's General Store.
 33867 | Orc:2    | Bought a wand of digging (4) for 256 gold pieces
 33867 | Orc:2    | Bought a scroll of teleportation for 48 gold pieces
 33867 | Orc:2    | Bought a potion of invisibility for 128 gold pieces
 35056 | D:13     | Reached XP level 15. HP: 79/80 MP: 16/30
 35579 | D:13     | Learned a level 1 spell: Confusing Touch
 36067 | D:13     | Reached skill level 20 in Stealth
 36790 | D:13     | Found a gate to the Vaults.
 36911 | D:13     | Found a roughly hewn altar of Beogh.
 37039 | D:13     | Bought a scroll of teleportation for 99 gold pieces
 37039 | D:13     | Bought a potion of heal wounds for 165 gold pieces
 37409 | D:14     | Noticed Roxanne
 38179 | D:14     | Learned a level 1 spell: Apportation
 38545 | D:15     | Entered Level 15 of the Dungeon
 39539 | D:15     | Found a staircase to the Depths.
 39545 | D:15     | Reached skill level 21 in Stealth
 40231 | Snake:1  | Entered Level 1 of the Snake Pit
 40798 | Snake:1  | Found a stormy altar of Qazlal.
 40994 | Snake:1  | Noticed Aizul
 41980 | Snake:1  | Reached XP level 16. HP: 86/86 MP: 34/34
 41989 | Snake:1  | Learned a level 2 spell: Blink
 42584 | Snake:2  | Identified the Compendium of Earthen Fire
 43120 | Snake:2  | Learned a level 2 spell: Shroud of Golubria
 43574 | Snake:2  | Reached skill level 1 in Charms
 43596 | Snake:2  | Reached skill level 1 in Translocations
 46698 | Snake:3  | Reached skill level 22 in Stealth
 47484 | Snake:4  | Entered Level 4 of the Snake Pit
 49353 | Snake:3  | Identified a scroll of acquirement
 50832 | Snake:4  | Reached XP level 17. HP: 91/91 MP: 26/36
 54857 | Snake:4  | Got a serpentine rune of Zot
 54993 | Swamp:1  | Entered Level 1 of the Swamp
 56643 | Swamp:2  | Noticed a tentacled monstrosity
 56809 | Swamp:2  | Learned a level 4 spell: Summon Ice Beast
 57729 | Swamp:2  | Reached skill level 23 in Stealth
 60152 | Vaults:1 | Entered Level 1 of the Vaults
 60156 | Vaults:1 | You fall into a shaft and drop 1 floor!
 60166 | Vaults:2 | Found Toykle's General Store.
 60178 | Vaults:2 | Bought a scroll of enchant armour for 120 gold pieces
 60178 | Vaults:2 | Bought a potion of agility for 64 gold pieces
 60388 | Vaults:2 | Reached skill level 1 in Shields
 61382 | Vaults:1 | Reached XP level 18. HP: 98/98 MP: 21/37
 62170 | Vaults:1 | Reached skill level 5 in Shields
 62630 | Vaults:1 | Found Eneasemm's Antique Armour Shoppe.
 64264 | Vaults:2 | Found Vejozif's Armour Shoppe.
 64726 | Vaults:2 | Noticed Margery
 66541 | Vaults:2 | Noticed an Ice Fiend
 66826 | Vaults:2 | Learned a level 4 spell: Fulminant Prism
 66880 | Vaults:2 | Found Fuuwneow's Weapon Emporium.
 67748 | Vaults:2 | Reached skill level 1 in Conjurations
 68011 | Vaults:2 | Found Dajicer's Assorted Antiques.
 68054 | Vaults:2 | Bought a potion of heal wounds for 100 gold pieces
 68054 | Vaults:2 | Bought shiny swamp dragon scales for 1060 gold pieces
 69506 | Vaults:1 | Upgraded the game from 0.24-a0-520-g8fd06ad0bc to
                  | 0.24-a0-521-g122614bf49
 69790 | Elf:1    | Entered Level 1 of the Elven Halls
 69921 | Elf:1    | Noticed Azrael
 70179 | Elf:1    | Killed Azrael
 70180 | Elf:1    | Noticed Frances
 70266 | Elf:1    | Killed Frances
 70696 | Elf:1    | Reached XP level 19. HP: 103/103 MP: 32/38
 71067 | Elf:1    | Found a runed translucent gate.
 71067 | Elf:1    | Found a runed translucent gate.
 71067 | Elf:1    | Found an opulent altar of Gozag.
 71068 | Elf:1    | Found a runed translucent gate.
 71078 | Elf:1    | Found Unolasin's Assorted Antiques.
 71078 | Elf:1    | Noticed feelmyfire's ghost (adept HuCK)
 72200 | Elf:2    | Learned a level 6 spell: Invisibility
 73334 | Elf:2    | Found a runed translucent gate.
 73335 | Elf:2    | Found a runed translucent gate.
 73355 | Elf:2    | Found a runed translucent gate.
 73413 | Elf:2    | Noticed Agnes
 73419 | Elf:2    | Killed Agnes
 73910 | Elf:2    | Reached skill level 24 in Stealth
 75228 | Swamp:2  | Reached skill level 15 in Hexes
 75660 | Swamp:2  | Reached skill level 15 in Spellcasting
 77186 | Swamp:3  | Noticed Bai Suzhen
 77602 | Swamp:3  | Killed Bai Suzhen
 78131 | Swamp:4  | Entered Level 4 of the Swamp
 80765 | Swamp:4  | Noticed the 27-headed Lernaean hydra
 80916 | Swamp:4  | Killed the 27-headed Lernaean hydra
 81085 | Swamp:4  | Reached XP level 20. HP: 109/109 MP: 29/42
 81437 | Swamp:4  | Got a decaying rune of Zot
 82671 | Vaults:2 | Found a staircase to the Crypt.
 82774 | Vaults:2 | Upgraded the game from 0.24-a0-521-g122614bf49 to
                  | 0.25-a0-44-g29a1220a87
 82774 | Vaults:2 | Upgraded the game from 0.25-a0-44-g29a1220a87 to
                  | 0.25-a0-110-ge29c8f2358
 82774 | Vaults:2 | Quit the game

Levels and vault maps discovered:
D:1:      minmay_arrival_up_and_down, layout_rooms
D:2:      layout_basic, fiery_altar_vehumet, chequers_ecumenical_altar_island
D:3:      kennysheep_big_flooded_room, layout_basic,
          nicolae_overflow_hidden_temple, first_ration, uniq_robin
D:4:      layout_basic, overflow_temple_1_default, serial_shops, shop,
          kennysheep_okawaru_gauntlet, uniq_natasha, uniq_crazy_yiuf_cottage,
          uniq_duvessa
D:5:      layout_loops_cross, grunt_qazlal_clouds, grunt_gozag_breadcrumbs,
          minmay_temple_entry_glassed_door, uniq_grinder, uniq_menkaure
D:6:      layout_gridville, lemuel_doored_altar,
          chequers_temple_overflow_statue_of_worship,
          hangedman_decor_clover_reticule
D:7:      layout_basic, serial_shops, shop_fountains
D:8:      layout_loops_ring, lightli_temple_of_fire, minmay_misc_feat_diagonals,
          hangedman_pestilent_swarm, uniq_harold, uniq_grum
D:9:      layout_cave_pools, minmay_overflow_temple_hex, nrook_campfire
D:10:     layout_gridville, lair_entry_dummy, basic_altar, minmay_diced_spiral
D:11:     layout_cave_pools, lemuel_mausoleum_altar_yredelemnul
D:12:     layout_loops_ring, erik_orc_1, portal_ice_cave_rime, uniq_maurice
D:13:     layout_roguey [special_room_orc],
          hangedman_vaults_entry_quadrant_bands, serial_shops,
          nicolae_shop_temple_entry_statues_fountains,
          minmay_beelzebubs_servants
D:14:     layout_small_grid, fountainhead, corexii_checkpoint_b, uniq_roxanne
D:15:     grunt_enter_depths_magical_seal, layout_irregular_city, fountainhead,
          minmay_sticks_and_stones
Lair:1:   layout_concentric_octagons, gammafunk_ghost_icy, minivault_24
Lair:2:   lemuel_ratsnest, layout_small_grid, skrybe_swamp_entry_bodies,
          lemuel_fruit_tree
Lair:3:   layout_gridlike, pf_torpor_hydra
Lair:4:   layout_cave_pods, guppyfry_snake_entry_garden, enter_volcano_2,
          serial_bayou_pond_b, roderic_carrion_pond, grunt_megastairs_5,
          uniq_nergalle
Lair:5:   layout_roguey, serial_forest, infiniplex_forest_join,
          infiniplex_forest_lined_corner, infiniplex_forest_clump_C,
          infiniplex_forest_clump_long, infiniplex_forest_lined_1,
          infiniplex_forest_lined_1, hibernation_bobbens, grunt_megastairs_1,
          serial_bayou_shore_a
Lair:6:   minmay_lair_end_frog_pond, layout_regular_city, slime_altar_1,
          gauntlet_entry_generic, chequers_serial_rivers_small_b,
          chequers_serial_rivers_small_a, grunt_megastairs_3
Swamp:1:  layout_basic_swamp, evilmike_swamp_ruin_rubble_2
Swamp:2:  layout_basic_swamp, nicolae_swamp_triple_paths
Swamp:3:  cheibrodos_swamp_tower_of_moss, layout_basic_swamp,
          evilmike_swamp_ruin_house_3, uniq_bai_suzhen
Swamp:4:  swamp_old_school, layout_basic_swamp, swamp_pool5,
          hangedman_swamp_lotus, grunt_lady_of_the_lake
Snake:1:  layout_layer_cave, basic_altar, uniq_aizul
Snake:2:  layout_misc_corridors, drop_trap
Snake:3:  layout_basic, grunt_megastairs_2
Snake:4:  snake_pit, layout_misc_corridors
Orc:1:    layout_caves
Orc:2:    grunt_orc_tribal_feast, layout_caves
Elf:1:    eino_elf_arrival_shootout, layout_geoelf_grid, ebering_ghost_gozag,
          hangedman_elf_disciples, st_stairs_12, uniq_azrael, uniq_frances
Elf:2:    layout_gridlike, portal_desolation_entry_ruin, uniq_agnes
Vaults:1: v_rooms_1, v_pattern_1, nicolae_vaults_network_quinsquares
          [nicolae_vaults_network_quincunx_subvault,
          nicolae_vaults_network_quincunx_subvault,
          nicolae_vaults_network_quincunx_subvault,
          nicolae_vaults_network_quincunx_subvault],
          nicolae_vaults_network_barrier, v_alt_pattern_3,
          nicolae_vaults_little_squares_6, vaults_room_grunt_arrival_checkpoint,
          v_misc_27, vaults_room_semicircle, ontoclasm_vaults_ring_square,
          layout_vaults_ring, serial_shops, shop
Vaults:2: hangedman_vaults_maws, nicolae_vaults_little_squares_6, v_misc_3,
          blue_anna_dwarven_crypt, nicolae_vaults_quartermaster, v_misc_13,
          v_misc_16, hangedman_vaults_nodes, grunt_vaults_hallway_long,
          v_misc_9, vaults_mumra_minichess_inversion, ontoclasm_vaults_shuriken,
          ontoclasm_vaults_ring_square, vaults_room_pools,
          layout_vaults_omnibox, serial_shops, nicolae_shop_window_shopping,
          shop, shop, shop_coins, uniq_margery

Skill      XL: |  1  2  3  4  5  6  7  8  9 10 11 12 13 14 15 16 17 18 19 20 |
---------------+-------------------------------------------------------------+-----
Hexes          | 4 5 6 7 8 10 12 13 14 15 | 15.0
Spellcasting   | 3 4 5 6 7 9 10 13 14 17 18 | 18.4
Stealth        | 5 6 7 8 10 11 12 13 15 18 19 21 22 23 24 | 24.0
Fighting       | 1 2 3 4 5 6 9 10 11 12 13 | 13.0
Short Blades   | 5 10 | 10.0
Dodging        | 4 9 15 16 17 18 19 | 19.0
Summonings     | 5 6 |  6.8
Air Magic      | 5 |  5.1
Charms         | 4 |  4.0
Translocations | 4 |  4.0
Shields        | 3 7 |  7.2
Conjurations   | 2 |  2.4

Action                   |  1- 3 |  4- 6 |  7- 9 | 10-12 | 13-15 | 16-18 | 19-21 || total
-------------------------+-------+-------+-------+-------+-------+-------+-------++-------
Melee: Dagger            |   113 |   141 |   221 |   529 |  1283 |  1356 |   498 ||  4141
Throw: Dart              |       |     6 |     5 |       |     2 |     2 |     1 ||    16
 Cast: Corona            |     7 |       |       |       |       |       |       ||     7
       Ensorcelled Hiber |    38 |    41 |    49 |   113 |   138 |    14 |     8 ||   401
       Confuse           |     2 |    28 |    56 |   143 |   384 |   613 |   197 ||  1423
       Dazzling Spray    |       |       |     7 |    13 |    61 |   176 |    84 ||   341
       Summon Lightning  |       |       |       |       |    29 |    58 |    11 ||    98
       Tukima's Dance    |       |       |       |       |     5 |    53 |     2 ||    60
       Confusing Touch   |       |       |       |       |     1 |    23 |       ||    24
       Shroud of Golubri |       |       |       |       |       |     5 |       ||     5
       Blink             |       |       |       |       |       |     5 |     1 ||     6
       Summon Ice Beast  |       |       |       |       |       |    21 |    20 ||    41
       Fulminant Prism   |       |       |       |       |       |    22 |     5 ||    27
       Invisibility      |       |       |       |       |       |       |    12 ||    12
       Apportation       |       |       |       |       |       |       |     1 ||     1
Evoke: Wand              |       |       |     2 |     3 |     2 |     9 |     5 ||    21
  Use: Scroll            |       |     7 |     7 |    12 |     7 |    16 |     4 ||    53
       Potion            |       |       |       |     2 |     2 |     2 |     2 ||     8
 Stab: Sleeping          |    31 |    35 |    46 |    95 |   160 |    40 |    30 ||   437
       Confused          |       |     5 |    25 |    74 |   218 |   343 |   107 ||   772
       Distracted        |       |       |       |     6 |    17 |     9 |     5 ||    37
       Invisible         |       |       |       |     1 |    11 |    20 |    23 ||    55
       Fleeing           |       |       |       |       |       |     1 |       ||     1
  Eat: Ration            |     1 |     3 |     3 |     6 |    11 |    14 |     8 ||    46
Armor: Robe              |    16 |    11 |    24 |    26 |    32 |    37 |    11 ||   157
Dodge: Dodged            |   133 |   105 |   114 |   311 |   831 |   962 |   335 ||  2791
Block: Buckler           |       |       |       |       |       |   130 |   125 ||   255

Table legend:
 A = Non-vault XP
 B = Vault XP
 C = Vault XP percentage of total XP
 D = Non-vault monster count
 E = Vault monster count
 F = Vault count percentage of total count
                 A         B        C        D         E       F
            +---------+---------+-------+---------+---------+-------
      Total |  312697 |  182882 |  36.9 |    1048 |     470 |  31.0
            +---------+---------+-------+---------+---------+-------
        D:1 |      76 |       0 |   0.0 |      30 |       0 |   0.0
        D:2 |      70 |       4 |   5.4 |      19 |       2 |   9.5
        D:3 |      49 |      26 |  34.7 |      20 |       7 |  25.9
        D:4 |     660 |     301 |  31.3 |      29 |       6 |  17.1
        D:5 |     744 |     443 |  37.3 |      14 |       2 |  12.5
        D:6 |    1053 |       0 |   0.0 |      33 |       0 |   0.0
        D:7 |     818 |       0 |   0.0 |      16 |       0 |   0.0
        D:8 |    2324 |    2329 |  50.1 |      31 |       9 |  22.5
        D:9 |    2748 |       0 |   0.0 |      32 |       0 |   0.0
       D:10 |    5619 |     494 |   8.1 |      28 |       4 |  12.5
       D:11 |    5824 |     453 |   7.2 |      29 |      12 |  29.3
       D:12 |    4732 |    2295 |  32.7 |      29 |      21 |  42.0
       D:13 |    7507 |    9303 |  55.3 |      26 |      51 |  66.2
       D:14 |    8961 |       3 |   0.0 |      50 |       2 |   3.8
       D:15 |   10630 |    4259 |  28.6 |      32 |       9 |  22.0
     Lair:1 |    3629 |    2568 |  41.4 |      16 |       9 |  36.0
     Lair:2 |    2957 |    1378 |  31.8 |      12 |      42 |  77.8
     Lair:3 |    2013 |    1428 |  41.5 |       5 |       2 |  28.6
     Lair:4 |    5179 |    3089 |  37.4 |      21 |      14 |  40.0
     Lair:5 |    8420 |    4597 |  35.3 |      28 |      16 |  36.4
     Lair:6 |   10362 |    9597 |  48.1 |      31 |      31 |  50.0
    Swamp:1 |   11006 |       0 |   0.0 |      35 |       0 |   0.0
    Swamp:2 |   23548 |       0 |   0.0 |      48 |       0 |   0.0
    Swamp:3 |    8279 |    8266 |  50.0 |      29 |       3 |   9.4
    Swamp:4 |   17981 |   16925 |  48.5 |      36 |      26 |  41.9
    Snake:1 |   11997 |       0 |   0.0 |      29 |       0 |   0.0
    Snake:2 |   14577 |       0 |   0.0 |      32 |       0 |   0.0
    Snake:3 |   32855 |    2906 |   8.1 |      61 |       3 |   4.7
    Snake:4 |   15768 |   26547 |  62.7 |      30 |      44 |  59.5
      Orc:1 |    2708 |       0 |   0.0 |      20 |       0 |   0.0
      Orc:2 |    8011 |    7940 |  49.8 |      52 |      35 |  40.2
      Elf:1 |    4459 |   10176 |  69.5 |      10 |      15 |  60.0
      Elf:2 |   14652 |   23170 |  61.3 |      26 |      28 |  51.9
   Vaults:1 |   27190 |   12783 |  32.0 |      52 |      26 |  33.3
   Vaults:2 |   35291 |   31602 |  47.2 |      57 |      51 |  47.2
            +---------+---------+-------+---------+---------+-------
